 Dungeon Crawl Stone Soup version 0.27-a0-860-gaf99fae3ca (webtiles) character file.

Game seed: 1031754275299337810

87 siradein the Slasher (level 4, -2/26 HPs)
             Began as a Gargoyle Gladiator on Apr 2, 2021.
             Slain by a gnoll
             ... wielding a +3 whip of freezing
              (6 damage)
             ... on level 2 of the Dungeon.
             The game lasted 00:05:58 (1275 turns).

siradein the Slasher (Gargoyle Gladiator)           Turns: 1275, Time: 00:05:58

Health: -2/26      AC:  7    Str: 17    XL:     4   Next: 51%
Magic:  4/4        EV: 12    Int:  9    God:
Gold:   43         SH:  0    Dex: 12    Spells: 3/3 levels left

rFire    . . .     SeeInvis .   a - +0 long sword
rCold    . . .     Faith    .   (no shield)
rNeg     + . .     Spirit   .   b - +0 leather armour
rPois    ∞         Reflect  .   c - +0 helmet
rElec    +         Harm     .   (no cloak)
rCorr    .         Rampage  .   (no gloves)
Will     .....                  (no boots)
Stlth    +.........             (no amulet)
HPRegen  0.08/turn              (no ring)
MPRegen  0.09/turn              (no ring)

@: no status effects
A: AC +3, negative energy resistance 1, electricity resistance, torment
resistance 1, unbreathing 1, petrification resistance
a: no special abilities


You were on level 2 of the Dungeon.
You visited 1 branch of the dungeon, and saw 2 of its levels.

You collected 43 gold pieces.

Inventory:

Hand Weapons
 a - a +0 long sword (weapon)
Missiles
 d - 3 throwing nets (quivered)
 h - 25 stones
Armour
 b - a +0 leather armour (worn)
 c - a +0 helmet (worn)
Scrolls
 e - 3 scrolls of identify {unknown}
 f - a scroll of magic mapping {unknown}
 g - a scroll of fear {unknown}


   Skills:
 - Level 2.1 Fighting
 + Level 4.7 Long Blades
 - Level 1.7 Throwing
 - Level 2.4 Dodging


You had 3 spell levels left.
You didn't know any spells.
Your spell library was empty.

Dungeon Overview and Level Annotations

Branches:
Dungeon (2/15)

Altars:
Zin


Innate Abilities, Weirdness & Mutations

Your stone body is resilient. (AC +3)
You are immune to poison.
You resist negative energy. (rN+)
You are resistant to electric shocks. (rElec)
You are resistant to unholy torment.
You can survive without breathing.
You are immune to petrification.


Message History

The goblin is severely wounded.
Robin barely misses you. The goblin barely misses you.
You hit the goblin.
You kill the goblin!
Robin hits you with a +0 club.
* * * LOW HITPOINT WARNING * * *
You hit Robin.
Robin is moderately wounded.
Robin closely misses you.
You barely miss Robin.
Robin is moderately wounded.
Robin hits you with a +0 club.
* * * LOW HITPOINT WARNING * * *
You hit Robin.
Robin is heavily wounded.
Robin closely misses you.
You slash Robin!
You kill Robin!
Items here: ) [[ †.
Okay, then.
A gnoll comes into view. It is wielding a +3 whip of freezing.
A gnoll comes into view. It is wielding a +1 whip.
Items here: ( )))) †.
The gnoll shouts!
The gnoll drinks a potion.
The gnoll seems to speed up.
Items here: ( )))) †.
A gnoll comes into view. It is wielding a +2 halberd.
The gnoll shouts!
Items here: ) [[ †.
Items here: ))) ††.
The gnoll hits you with a +3 whip of freezing.
* * * LOW HITPOINT WARNING * * *
The gnoll freezes you.
* * * LOW HITPOINT WARNING * * *
The gnoll closely misses you.
You riposte.
You slash the gnoll!
The gnoll is severely wounded.
Things that are here:
a +0 club; a hobgoblin corpse; a goblin corpse The gnoll hits you with a +3 whip of freezing.
You die...

### #########
...##...#...# #......#...#
##########
#......#...###........#
#.._........##........#
#.....##....##........#
#.....##...g@)........#
##...g..#g####........#
#....#....###........#
##.#####..÷.#........#
#..)g.##.#.#)...##### #
#....#..#.)..#......#
####.
####....###g.#...#..###..)
##...# #......#...##.##
##..#####...........<#.#


You could see 3 gnolls.

Vanquished Creatures
  Robin (D:2)
  An adder (D:2)
  2 dart slugs (D:1)
  5 bats (D:1)
  2 endoplasms
  A giant cockroach (D:1)
  15 goblins
  5 hobgoblins
  9 jackals
  A kobold (D:2)
  3 quokkas (D:1)
  4 frilled lizards
  5 rats
54 creatures vanquished.

Notes
Turn   | Place    | Note
-------+----------+-------------------------------------------
     0 | D:1      | siradein the Gargoyle Gladiator began the quest for the
                  | Orb.
     0 | D:1      | Reached XP level 1. HP: 12/12 MP: 1/1
    39 | D:1      | Reached skill level 3 in Long Blades
   227 | D:1      | Reached XP level 2. HP: 17/17 MP: 2/2
   512 | D:1      | Reached XP level 3. HP: 18/21 MP: 3/3
   681 | D:1      | Reached skill level 4 in Long Blades
  1034 | D:2      | Reached XP level 4. HP: 20/26 MP: 4/4
  1214 | D:2      | Found a glowing silver altar of Zin.
  1232 | D:2      | Noticed Robin
  1256 | D:2      | Killed Robin
  1275 | D:2      | Slain by a gnoll

Illustrated notes

Levels and vault maps discovered:
D:1:      erik_arrival_orb_chamber, layout_basic
D:2:      layout_rooms, basic_altar, uniq_robin

Skill      XL: |  1  2  3 |
---------------+----------+-----
Long Blades    | 3 4 |  4.7
Fighting       | |  2.1
Throwing       | |  1.7
Dodging        | |  2.4

Action                   |  1- 3 |  4- 6 || total
-------------------------+-------+-------++-------
Melee: Long sword        |    93 |    51 ||   144
 Stab: Sleeping          |     1 |       ||     1
Armor: Leather armour    |    39 |    26 ||    65
Dodge: Dodged            |    84 |    43 ||   127
       Rpst.: Long sword |    26 |    12 ||    38

Table legend: (Time is in decaauts)
 A = Elapsed time spent in this place.
 B = Non-inter-level travel time spent in this place.
 C = Inter-level travel time spent in this place.
 D = Time resting spent in this place.
 E = Time spent auto-exploring this place.
 F = Levels seen in this place.
 G = Mean time per level.
                   A        B        C        D        E       F      G
               +--------+--------+--------+--------+--------+-----+--------+
         Total |   1304 |   1262 |     42 |      0 |    919 |   2 |  652.0 |
       Dungeon |   1304 |   1262 |     42 |      0 |    919 |   2 |  652.0 |
               +--------+--------+--------+--------+--------+-----+--------+

Top non-repeatable levels by time:
     D:1: 1018 daAuts
     D:2: 286 daAuts
